Cogmind - Beta 12 @@@ ROGUE MODE // 2023.05.05 @ 12:55:49 Player: art-hropod Result: Self-destructed Performance ------------- Evolutions (1) 500 Regions Visited (2) 400 Robots Destroyed (28) 140 Value Destroyed (424) 424 Prototype IDs (1) 20 Alien Tech Used (0) 0 Bonus (0) 0 TOTAL SCORE: 1484 Bonus ------- None Cogmind --------- Core Integrity 335/400 Matter 268/300 Energy 248/250 System Corruption 0% Temperature Cool (4) Movement Flying (29) Location -9/Materials Parts ------- > --- POWER (1) -------- Ion Engine > --- PROPULSION (4) --- Improved Flight Unit Improved Flight Unit Improved Flight Unit Cesium-ion Thruster > --- UTILITY (2) ------ Improved Heat Sink Improved Targeting Computer > --- WEAPON (2) ------- Light Assault Rifle Light Assault Rifle > --- INVENTORY (5) ---- Flight Unit Improved Flight Unit Cesium-ion Thruster Grenade Launcher Maul Peak State ------------ > --- POWER ------------ Ion Engine > --- PROPULSION ------- Improved Flight Unit Improved Flight Unit Improved Flight Unit Cesium-ion Thruster > --- UTILITY ---------- Improved Heat Sink Improved Targeting Computer > --- WEAPON ----------- Light Assault Rifle Light Assault Rifle > --- INVENTORY -------- Flight Unit Improved Flight Unit Cesium-ion Thruster Grenade Launcher Maul [Rating: 21] Favorites ----------- Power Ion Engine Engine Ion Engine Propulsion Aluminum Leg Treads Light Treads Leg Aluminum Leg Flight Unit Improved Flight Unit Utility Small Storage Unit Device Improved Heat Sink Storage Small Storage Unit Processor Improved Targeting Computer Weapon Small Laser Energy Gun Small Laser Ballistic Gun Light Assault Rifle Launcher Grenade Launcher Impact Weapon Maul Special Melee Weapon Datajack Build | -11 -10 -9 ------- Run | Jun Mat Mat Slots Evolved 2 | . . 2 Power . | . . . Propulsion 2 | . . 2 Utility . | . . . Weapon . | . . . Parts Attached 34 | 7 7 20 Power 2 | 1 . 1 Engine 2 | 1 . 1 Core . | . . . Reactor . | . . . Propulsion 16 | 2 4 10 Treads 2 | 2 . . Leg 4 | . 4 . Wheel . | . . . Hover . | . . . Flight 10 | . . 10 Utility 5 | 2 2 1 Device 1 | . 1 . Storage 3 | 2 1 . Processor 1 | . . 1 Hackware . | . . . Protection . | . . . Artifact . | . . . Weapon 11 | 2 1 8 Energy Gun 3 | 2 1 . Energy Cannon . | . . . Ballistic Gun 2 | . . 2 Ballistic Cannon . | . . . Launcher 2 | . . 2 Special Weapon . | . . . Impact Weapon 3 | . . 3 Slashing Weapon . | . . . Piercing Weapon . | . . . Special Melee Weapon 1 | . . 1 Unidentified Prototypes 1 | . . 1 Parts Lost 4 | . . 4 Power 1 | . . 1 Propulsion 2 | . . 2 Utility . | . . . Weapon 1 | . . 1 Highest Loss Streak 4 | . . 4 To Critical Strikes . | . . . Average Slot Usage (%) 95 | . 98 91 Engine 12 | . 14 10 Treads 1 | . 2 . Leg 14 | . 25 3 Flight 18 | . . 37 Device 8 | . 5 11 Storage 11 | . 21 1 Processor 4 | . . 9 Energy Gun 16 | . 28 5 Ballistic Gun 2 | . . 4 Impact Weapon 2 | . . 5 Special Melee Weapon 1 | . . 2 Naked Turns . | . . . Heaviest Build 15 | 13 15 14 Greatest Support 40 | 40 40 20 Greatest Overweight (x) . | . . . Average Overweight (x) . | . . . Largest Inventory Capacity 8 | 8 8 8 Average Capacity 6 | 6 8 5 Most Carried 8 | 7 8 8 Average Carried 5 | 3 7 5 Final Capacity 8 | 8 8 5 Final Carried 8 | 7 8 5 Class Distribution -------------------- 39% | Mutant 34% | Sprinter 25% | Scavenger-Mutant Dominant Class ---------------- Mutant | -10/Materials Sprinter | -9/Materials Resources | -11 -10 -9 ----------- Run | Jun Mat Mat Matter Collected 556 | 248 92 216 Remotely . | . . . Salvage Created 817 | 73 327 417 Parts 50 | 3 30 17 Haulers Intercepted 5 | . 1 4 Recyclers Shooed . | . . . Parts Field Recycled . | . . . Retrieved Matter . | . . . Parts Self-Destructed . | . . . Prevented . | . . . Kills | -11 -10 -9 ------- Run | Jun Mat Mat Combat Hostiles Destroyed 13 | . 6 7 Melee 1 | . . 1 Guns 6 | . 6 . AOE 3 | . . 3 Classes Destroyed 8 | 1 6 1 Worker 3 | . 2 1 Hauler 5 | . 1 4 Recycler 1 | 1 . . Operator 3 | . 1 2 Watcher 3 | . 2 1 Swarmer 7 | . 3 4 Grunt 4 | . 3 1 Sentry 2 | . . 2 Best Kill Streak 8 | 1 4 8 Combat Bots Only 5 | . 3 5 Max Kills in Single Turn 2 | 1 2 1 Gunslinging . | . . . Exploded 1 | . . 1 Melee 1 | . . 1 Uniques/NPCs Destroyed . | . . . Combat | -11 -10 -9 -------- Run | Jun Mat Mat Damage Taken 652 | . 259 393 Core 148 | . 83 65 Absorbed by Shields . | . . . Core Remaining (%) 83 | 100 66 . Volleys Fired 46 | 4 24 18 Largest 2 | 2 2 2 Hottest 80 | 80 80 40 Shots Fired 88 | 8 48 32 Gun 84 | 8 48 28 Cannon . | . . . Launcher 4 | . . 4 Special . | . . . Kinetic 28 | . . 28 Thermal 28 | 4 24 . Explosive 4 | . . 4 Electromagnetic 28 | 4 24 . Robot Hit Streak 12 | 2 12 8 Robot Miss Streak 5 | 2 4 5 Penetration Max . | . . . Secondary Targets . | . . . Shots Hit Robots 61 | 4 26 31 Core Hits 26 | 2 16 8 Critical Kills 1 | . . 1 Critical Parts Destroyed 7 | . . 7 Critical Strikes 10 | . 2 8 Corrupt 2 | . 2 . Smash 8 | . . 8 Melee Attacks 22 | . . 22 Impact 21 | . . 21 Slashing . | . . . Piercing . | . . . Sneak Attacks 4 | . . 4 Combat Hostiles . | . . . Follow-up Attacks . | . . . Damage Inflicted 1616 | 62 394 1160 Guns 496 | 62 332 102 Cannons . | . . . Explosions 272 | . 62 210 Melee 848 | . . 848 Ramming . | . . . Kinetic 102 | . . 102 Thermal 238 | 22 216 . Explosive 210 | . . 210 Electromagnetic 218 | 40 178 . Impact 848 | . . 848 Slashing . | . . . Piercing . | . . . Highest Corruption . | . . . Average Corruption . | . . . Corruption Purged . | . . . Corruption Blocked . | . . . Overload Shots . | . . . Overflow Damage 450 | . . 450 Projectiles . | . . . Explosions 28 | . . 28 Melee 422 | . . 422 Knockbacks 3 | . . 3 Impact 3 | . . 3 Kinetic . | . . . Secondary . | . . . Self-Inflicted Damage 40 | . 25 15 Shots 2 | . 1 1 Rammed . | . . . Targets Rammed . | . . . Kicked . | . . . Crushed . | . . . Highest Temperature 162 | 18 162 . Average Temperature 45 | 6 53 . Received Heat Transfer 246 | . 114 132 Siege Activations . | . . . Robots Corrupted . | . . . Combat Hostiles . | . . . Parts Fried 14 | . . 14 Impact Corruptions 15 | . . 15 Robots Melted . | . . . Combat Hostiles . | . . . Parts Melted . | . . . Heat Transferred 450 | 50 400 . Parts Sabotaged . | . . . Parts Stolen . | . . . Parts Stripped . | . . . Power Chain Reactions 1 | . 1 . Missiles Intercepted . | . . . Alert | -11 -10 -9 ------- Run | Jun Mat Mat Peak Influence 439 | 5 229 439 Initial 94 | . 3 94 Average 154 | 3 106 264 Maximum Alert Level 2 | . 1 2 Low Security (%) 66 | 100 80 39 Level 1 25 | . 19 40 Level 2 8 | . . 19 Level 3 . | . . . Level 4 . | . . . Level 5 . | . . . High Security . | . . . Max Security . | . . . Squads Dispatched 2 | . 1 1 Investigation . | . . . Extermination . | . . . Reinforcement 2 | . 1 1 Assault . | . . . Garrison . | . . . Intercept . | . . . Searches Triggered . | . . . Construction Impeded . | . . . Haulers Reinforced . | . . . Active Scanning Responses . | . . . Cargo Convoy Interrupts . | . . . Stealth | -11 -10 -9 --------- Run | Jun Mat Mat Distress Signals 1 | . . 1 Communications Jammed . | . . . Distress Signals . | . . . Times Spotted 34 | . 11 23 Peak Tracking Total 9 | . 5 9 Tactical Retreats 2 | . . 2 Traps | -11 -10 -9 ------- Run | Jun Mat Mat Traps Triggered . | . . . Indirectly . | . . . Trap Hack Attempts . | . . . Triggered . | . . . Disarmed . | . . . Reprogrammed . | . . . Reused . | . . . Traps Extracted . | . . . Installed . | . . . Triggered . | . . . Machines | -11 -10 -9 ---------- Run | Jun Mat Mat Machines Disabled . | . . . Max in Single Turn . | . . . Machines Repaired . | . . . Machines Sabotaged . | . . . Overloaded Fab Kills . | . . . Hacking | -11 -10 -9 --------- Run | Jun Mat Mat Machines Accessed 6 | . 2 4 Terminals 5 | . 2 3 Fabricators . | . . . Repair Stations . | . . . Recycling Units . | . . . Scanalyzers 1 | . . 1 Garrison Access . | . . . Total Hacks 18 | . 7 11 Successful 10 | . 3 7 Failed 8 | . 4 4 Catastrophic . | . . . Database Lockouts . | . . . Manual 14 | . 7 7 Terminals 14 | . 7 7 Fabricators . | . . . Repair Stations . | . . . Recycling Units . | . . . Scanalyzers 4 | . . 4 Garrison Access . | . . . Terminal Hacks . | . . . Fabricator Hacks . | . . . Repair Station Hacks . | . . . Recycling Unit Hacks . | . . . Scanalyzer 2 | . . 2 Insert Component 1 | . . 1 Analyze 1 | . . 1 Garrison Access Hacks . | . . . Unauthorized Hacks 8 | . 3 5 Terminals 8 | . 3 5 Assimilate 2 | . 1 1 Botnet 4 | . 1 3 Operators 2 | . 1 1 Fabricators . | . . . Repair Stations . | . . . Recycling Units . | . . . Scanalyzers . | . . . Garrison Access . | . . . Data Cores Recovered 1 | . . 1 Used . | . . . Hacking Detections 6 | . 2 4 Full Trace Events . | . . . Feedback Events . | . . . Feedback Blocked . | . . . Robot Schematics Acquired . | . . . Robots Built . | . . . Authchips . | . . . Time . | . . . Total Robot Build Rating . | . . . Part Schematics Acquired 1 | . . 1 Parts Built . | . . . Authchips . | . . . Time . | . . . Total Part Build Rating . | . . . Parts Repaired . | . . . Time . | . . . Parts Recycled . | . . . Recycled Matter . | . . . Retrieved Matter . | . . . Retrieved Components . | . . . Parts Scanalyzed 1 | . . 1 Part Schematics Acquired 1 | . . 1 Parts Damaged . | . . . Bothacking | -11 -10 -9 ------------ Run | Jun Mat Mat Used RIF Installer . | . . . Robots Hacked . | . . . Non-combat . | . . . Combat . | . . . Robot Hacks Applied . | . . . Relay Couplers Released . | . . . Fabnet Peak Effective % . | . . . Robots Rewired . | . . . Allies Hacked . | . . . Hacks Repelled . | . . . Allies | -11 -10 -9 -------- Run | Jun Mat Mat Total Allies 1 | . 1 . Largest Group 1 | . 1 . Highest-Rated Group 10 | . 10 . Highest-Rated Ally 10 | . 10 . Total Orders . | . . . Ally Attacks . | . . . Total Damage . | . . . Kills . | . . . Allies Corrupted . | . . . Allies Melted . | . . . Intel | -11 -10 -9 ------- Run | Jun Mat Mat Robot Analysis Total . | . . . Derelict Logs Recovered . | . . . Drone Launches . | . . . Drone Recoveries . | . . . Exploration | -11 -10 -9 ------------- Run | Jun Mat Mat Turns Passed 683 | 117 282 284 Spaces Moved 581 | 62 157 362 Core 14 | 14 . . Treads 59 | 48 11 . Legs 181 | . 146 35 Wheels . | . . . Hover . | . . . Flight 327 | . . 327 Fastest Speed 29 | 50 120 29 Average Speed 71 | 135 122 37 Slowest Speed 160 | 160 160 120 Overloaded Moves . | . . . Propulsion Burnouts . | . . . Robots Hopped 1 | . . 1 Cave-ins Triggered . | . . . Exploration Rate (%) 31 | 5 46 43 Regions Visited 2 Branch Regions . Pre-discovered Areas . | . . . Known Exits Taken . | . . . Unknown Exits Taken 2 | 1 1 . Scrap Searched . | . . . Spaces Dug . | . . . Terrain Destroyed 39 | . 5 34 Melee . | . . . Projectile . | . . . AOE 39 | . 5 34 Terrain Rammed . | . . . Walls Destroyed . | . . . Machines Disabled . | . . . Actions | -11 -10 -9 --------- Run | Jun Mat Mat Total 727 | 88 202 437 Wait . | . . . Move 577 | 61 156 360 Hop 1 | . . 1 Pick Up 26 | 14 6 6 Fast Attach 8 | . 2 6 Attach 16 | 7 2 7 Detach 1 | 1 . . Swap 10 | . 3 7 Drop 20 | 1 9 10 Fire 46 | 4 24 18 Melee 22 | . . 22 Ram . | . . . Kick . | . . . Crush . | . . . Escape Stasis . | . . . Rewire . | . . . Trap . | . . . Miscellaneous . | . . . Route ------- -11/Junkyard -10/Materials (discovered 2 exits: *Mat / [*Min]) -9/Materials (discovered 1 exit: [*Min]) History --------- Turn | Location | Event 4 | -11/Junkyard | Discovered new exit (range 15) 118 | -11/Junkyard | Entered Materials 230 | -10/Materials | Discovered new exit (range 13) 380 | -10/Materials | Discovered new exit (range 15) 400 | -10/Materials | Entered another Materials area 400 | -9/Materials | Evolved 2 slots: Propulsion x2 552 | -9/Materials | Discovered new exit (range 14) 560 | -9/Materials | Lost 4 parts (1p2n1w) 684 | -9/Materials | Self-destructed Last Messages --------------- 00621_ K-01 Serf cleans the Atomic Centrifuge. 00622_ Acquired Lgt. Assault Rifle. 00623_ Dropped Flight Unit. 00624_ K-01 Serf cleans the Atomic Centrifuge. 00624_ Acquired Lgt. Assault Rifle. 00629_ K-01 Serf cleans the Atomic Centrifuge. 00634_ Acquired 22 matter. 00634_ K-01 Serf cleans the Atomic Centrifuge. 00635_ Acquired 2 matter. 00647_ A-02 Transporter destroyed. 00650_ Dropped Flight Unit. 00650_ Acquired Imp. Flight Unit. 00655_ O-16 Technician uses terminal to summon reinforcements. 00655_ ALERT: Hostiles spotted, dispatching reinforcements to Terminal M012. 00655_ O-16 Technician locks terminal. 00666_ K-01 Serf collects debris. 00669_ Destroyed Datajack. 00678_ O-16 Technician destroyed. Map ----- +----------------------------------------------------+ | ??????????????# #??????#+##???????## ####??????? | | ??????????????# #?????? #???????# #??????? | | ??????????????# #?????? #???????# #??????? | | ????????#####?# ##???"" ######### +??????? | | ???????? # [## """ ?# [# #??????? | | ????????""""" # [[## ?# # ???????? | | ????????""T"" += %## """ ??#""" ## *#???????? | | ????? # [ #? """ ??#""" ## #???????? | | ???# ????# =!#?? """ ???#""" ## [#####???? | | ???## ????????# #??? [=????? ?# !!#???? | | ??????????????# #???##+########/#### !!#???? | | ??????????????# #???# !!#???? | | ?????########## #???# !!#???? | | ?????# + ##### T = #???? | | ???### # % [ ##+###### #???? | | ???#"" # # # ##???? | | ???#"" # !! # # ##????? | | ???#"T ######### ![ + # # #?????? | | ???#"" #???????# %! [# # #?????? | | ???#"" #???????# !* %# # # #?????? | | ???### #??????## #### # ###+########? | | ?????# #??????# "# # ?# % #? | | ?????##########??????# ""# ######?# ## | | ?????????????????????# ||# #??????# # | | ?????????????????????# < ""# +??????# # | | ?????????????????????# @ !!# #????? # """ """ + | | ?????????????????????# ""# #???? # """ """ # | | ?????????????????????# "# #??? # """ """ # | | ??????????????######### #### #?? ??# # | | ??????????????# # ##/#####+###+##### | | ??????????????# #g #?# | | ??????????????# / g ! #?# | | ??????????????# """#k ^ #?# | | ??????????????# % """######/####+######### #?# | | ????####??????# """## #? ???????# #?# | | ????#!!!!?????# ## #? ???????# | | ????#!!!!]????###/###### # ??????# | | ????# ????## ###?"" # ??????# | | ##### ##### ##"T # !!??????#+#### | | # !*%* ##"" # !!???????????# | | # [ [= ####= !########??????????# | | # ! """"""" T#?#%= #?????????????????? | | + """"""" ##?#* #??????????????????? | | # """"""" #??# #??????????????????? | | # """"""" #??# #??????????????????? | | # """"""" #??# #??????????????????? | | # ? #??# #??????????????????? | | ? ???????? #??########??????????????????? | | ? ! ????????? #????????????????????????????? | | ???## ? ?????????? #????????????????????????????? | +----------------------------------------------------+ Best States ------------- Heat Dissipation 42 Energy Generation 10 Energy Capacity 400 Matter Stores 300 Matter Capacity 300 Sight Range 16 Terrain Scan Density 10 Evasion (%) 64 Targeting Accuracy 6 Recoil Reduction 2 Item Schematics ----------------- Flight Unit | -9/Materials | Scanalyzed Robot Schematics ------------------ None Fabricated ------------ Nothing Alien Tech Used ----------------- None Achievements -------------- None Challenges ------------ None Game ------ Seed DimensionalCombatMembrane Manual? 0 Play Time 00:20:28 Cumulative 43.0 hours Start 2023.05.04 @ 14:47:26 End 2023.05.05 @ 12:55:49 Sessions 3 Manual Loads 0 Difficulty Rogue Special Mode None Game No. 54 Rogue 38 Adventurer 9 Explorer 7 Win Type - Total 3 Types 3/0/0/0/0/0/0/0/0 Lore% 13 Gallery% 35 Achievement% 28 Wizard Run 0 Options --------- ASCII 0 Keyboard 0 Movement Mouse Keybinds 0 Fullscreen 1 Font 32/Terminus Map View 63x52 Tactical HUD 1 Map Filters NONE Filters NONE Steam X RUN: 4edeefe3-8fed-4043-9a92-b3d105da764d